 Dungeon Crawl Stone Soup version 0.23.2-33-g5129a83184 (webtiles) character file.

Game seed: 238020476918298714

8215 Sniff0nMe the Basher (level 11, -1/67 HPs)
             Began as a Minotaur Berserker on July 25, 2019.
             Was a High Priest of Trog.
             Killed from afar by a starcursed mass (11 damage)
             ... with an accursed screaming
             ... on level 2 of the Abyss on July 27, 2019.
             The game lasted 01:22:37 (8250 turns).

Sniff0nMe the Basher (Minotaur Berserker)           Turns: 8250, Time: 01:22:38

Health: -1/67      AC: 18    Str: 26    XL:     11   Next: 7%
Magic:  10/10      EV:  8    Int:  0    God:    Trog [*****.]
Gold:   250        SH: 11    Dex:  9    Spells: 10/10 levels left

rFire    + . .     SeeInvis .   F - +10 morningstar "Eos" {elec, Halo rElec}
rCold    . . .     Gourm    .   W - +1 shield {rPois}
rNeg     . . .     Faith    .   j - +3 plate armour {rPois}
rPois    +         Spirit   .   (helmet restricted)
rElec    +         Reflect  .   (no cloak)
rCorr    .         Harm     .   D - +0 pair of gloves
MR       .....     Rnd*Rage +   (no boots)
Stlth    ..........             (no amulet)
HPRegen  0.21/turn              g - ring of protection from fire
MPRegen  0.12/turn              H - +2 ring of evasion

@: slowed, lost intelligence, glowing, very slow
A: retaliatory headbutt, horns 2, berserk 1[+2], [blurry vision 2], [dopey 2],
frail 1[+2], subdued magic 1
a: Berserk, Trog's Hand, Brothers in Arms, Renounce Religion


You were on level 2 of the Abyss.
You worshipped Trog.
Trog was extremely pleased with you.
You were very hungry.

You visited 1 branch of the dungeon, and saw 9 of its levels.
You visited the Abyss 1 time.
You also visited: Sewer.

You collected 562 gold pieces.
You spent 312 gold pieces at shops.

Inventory:

Hand Weapons
 d - a +0 mace of protection
 v - the +7 mace of Awkwardness {antimagic, Fragile rF++}
   (You took it off an orc on level 4 of the Dungeon)

   It reduces the magical energy of the wielder, and disrupts the spells and
   magical abilities of those hit.
   Natural abilities and divine invocations are not affected.
   It greatly protects you from fire.
   It will be destroyed if unequipped.
 y - the +8 mace of Upheaval {freeze, MR+ Int+3}
   (You took it off an orc on level 4 of the Dungeon)

   It has been specially enchanted to freeze those struck by it, causing extra
   injury to most foes and up to half again as much damage against particularly
   susceptible opponents.
   It can also slow down cold-blooded creatures.
   It affects your intelligence (+3).
   It affects your resistance to hostile enchantments.
 F - the +10 morningstar "Eos" (weapon) {elec, Halo rElec}
   (You found it on level 4 of the Dungeon)

   Occasionally, upon striking a foe, it will discharge some electrical energy
   and cause terrible harm.
   It insulates you from electricity.
Missiles
 h - 8 steel tomahawks
 q - 3 javelins of penetration
 s - 21 tomahawks (quivered)
 A - 7 javelins of returning
 C - 7 tomahawks of dispersal
 J - 7 throwing nets
 Q - 6 needles of sleeping
Armour
 a - +0 ice dragon scales
 j - a +3 plate armour of poison resistance (worn)
 D - a +0 pair of gloves (worn)
 W - a +1 shield of poison resistance (worn)
Magical Staves
 V - an uncursed staff of power {unknown}
Jewellery
 b - an uncursed ring of magical power {unknown}
 g - a ring of protection from fire (left hand)
 H - a +2 ring of evasion (right hand)
Wands
 o - a wand of polymorph (19)
 t - a wand of digging (5)
 K - a wand of random effects (15)
 L - a wand of disintegration (3)
 P - a wand of acid (9)
 S - a wand of iceblast (2)
Scrolls
 e - a scroll of amnesia
 f - a scroll of enchant armour
 i - a scroll of enchant weapon
 k - a scroll of teleportation
 w - 3 scrolls of fog
 x - 3 scrolls of magic mapping
 E - a scroll of fear
 R - 2 scrolls of blinking {unknown}
 T - a scroll of summoning {unknown}
Potions
 l - a potion of cancellation
 m - a potion of mutation
 n - 5 potions of curing
 p - a potion of lignification {unknown}
 u - a potion of ambrosia {unknown}
 z - a potion of flight {unknown}
 B - a potion of resistance
 G - 2 potions of invisibility
 I - 2 potions of heal wounds
 M - 2 potions of brilliance
 N - 2 potions of might
Comestibles
 c - 17 rations


   Skills:
 + Level 9.1 Fighting
 + Level 13.6 Maces & Flails
 + Level 6.1 Throwing
 + Level 9.0 Armour
 + Level 3.2 Dodging
 + Level 1.0 Stealth
 - Level 4.1 Shields
 + Level 1.2 Evocations


You had 10 spell levels left.
You didn't know any spells.
Your spell library contained the following spells:

 Spells                   Type           Power        Failure   Level  Hunger
 Confusing Touch          Hex            #.....       100%        1    ##.....
 Sandblast                Erth           #.....       100%        1    ##.....
 Passwall                 Tmut/Erth      #.......     100%        2    ###....
 Confuse                  Hex            #.......     100%        3    ####...
 Gell's Gravitas          Tloc           #.........   100%        3    ####...
 Stone Arrow              Conj/Erth      #.....       100%        3    ####...
 Petrify                  Tmut/Erth      #.......     100%        4    #####..
 Lee's Rapid Deconstruct  Erth           #.........   100%        5    ######.
 Metabolic Englaciation   Hex/Ice        #.........   100%        5    ######.
 Yara's Violent Unravell  Hex/Tmut       #.........   100%        5    ######.


Dungeon Overview and Level Annotations

Branches:
Dungeon (9/15)             Temple (0/1) D:6
   Lair: D:8-11         Orc: D:9-12

Altars:
Cheibriados
Gozag
Qazlal
Wu Jian
Xom

Shops:
D:7 *

Annotations:
D:9 Psyche


Innate Abilities, Weirdness & Mutations

You reflexively headbutt those who attack you in melee.
You have a pair of horns on your head.
Your spells are a little easier to cast, but a little less powerful.
[You have an uncontrollable temper.]
[Scrolls take you longer to read.]
[You are very dopey. (Int -4)]
[You are extremely frail. (-30% HP)]


Message History

The starcursed mass shudders and is absorbed by its neighbour.
A chorus of shrieks assaults your mind.
* * * LOW HITPOINT WARNING * * *
The wretched star pulses with an eldritch light!
You feel frail. x2
A starcursed mass splits.
Press: ? - help, v - describe, . - travel The floor.
This square is lit by a halo.
You almost manage to decipher the scroll, but fail in this attempt.
A chorus of shrieks assaults your mind.
* * * LOW HITPOINT WARNING * * *
A starcursed mass comes into view.
A starcursed mass splits. x2
The wretched star pulses with an eldritch light!
Your vision blurs. x2; You feel angry.
You feel extremely angry at everything!
You recover from your berserk rage.
A starcursed mass splits. x3
A deafening chorus of shrieks assaults your mind!
You die...

##.#X..##.##.
#.#.#..#
##X.#.. #X*#
..# ##X# .##
####X###.
#......##
#.##.XX#.#
##.#@#.#
#....# #.#.##
#..## #.# ...
#.


You could see 5 starcursed masses and a wretched star.

Vanquished Creatures
  A hydra (D:8)
  A tengu warrior (D:8)
  A large abomination (Abyss:2)
  An unseen horror (D:8)
  Grinder (D:6)
  7 slime creatures (D:8)
  Sigmund (D:4)
  Eustachio (D:6)
  Edmund (D:4)
  A water moccasin (D:8)
  2 orc warriors
  2 ice beasts
  A sky beast (D:5)
  6 ogres
  A centaur (D:9)
  A small abomination (Abyss:2)
  A crocodile (D:8)
  2 big kobolds
  3 bullfrogs
  A gnoll sergeant (D:9)
  A wyvern skeleton (D:8)
  3 scorpions
  6 killer bees (D:6)
  5 wights (D:9)
  A howler monkey (D:4)
  6 crimson imps
  A centaur zombie (D:6)
  A quasit (D:8)
  A jelly (D:7)
  5 orc priests
  Crazy Yiuf (D:4)
  4 centaur skeletons
  6 orc wizards
  Jessica (D:2)
  A bullfrog skeleton (D:8)
  7 worker ants
  A killer bee zombie (D:6)
  A hound zombie (D:6)
  A hound skeleton (D:9)
  Robin (D:3)
  A howler monkey zombie (D:4)
  A worker ant zombie (D:8)
  10 gnolls
  20 adders
  A howler monkey skeleton (D:5)
  A white imp (Abyss:2)
  9 oozes (Sewer)
  5 worms
  A dart slug (D:3)
  12 leopard geckos
  22 orcs
  10 ball pythons
  5 bats
  20 giant cockroaches
  23 goblins
  9 hobgoblins
  6 jackals
  3 quokkas
  17 frilled lizards
  18 kobolds
  A leopard gecko skeleton (D:8)
  A leopard gecko zombie (D:6)
  7 rats
293 creatures vanquished.

Vanquished Creatures (others)
  4 starspawn tentacles (Abyss:2)
4 creatures vanquished.

Grand Total: 297 creatures vanquished

Notes
Turn   | Place    | Note
-------+----------+-------------------------------------------
     0 | D:1      | Sniff0nMe the Minotaur Berserker began the quest for the
                  | Orb.
     0 | D:1      | Reached XP level 1. HP: 19/19 MP: 0/0
   221 | D:1      | Reached XP level 2. HP: 27/27 MP: 1/1
   452 | D:1      | You fall through a shaft!
   478 | D:2      | Reached XP level 3. HP: 34/34 MP: 2/2
   533 | D:2      | Reached skill level 4 in Maces & Flails
   621 | D:2      | Reached ** piety under Trog
   689 | D:2      | Found a shimmering altar of Xom.
   828 | D:2      | Reached XP level 4. HP: 41/41 MP: 3/3
   856 | D:2      | Found an opulent altar of Gozag.
  1024 | D:2      | Noticed Jessica
  1027 | D:2      | Killed Jessica
  1027 | D:2      | Reached skill level 1 in Throwing
  1488 | D:3      | Reached XP level 5. HP: 38/47 MP: 4/4
  1641 | D:3      | Reached *** piety under Trog
  1753 | D:3      | Noticed Robin
  1757 | D:3      | Killed Robin
  1757 | D:3      | Reached skill level 5 in Maces & Flails
  1840 | D:3      | Found a stormy altar of Qazlal.
  2309 | D:4      | Reached XP level 6. HP: 30/55 MP: 5/5
  2554 | D:4      | Reached skill level 5 in Fighting
  2611 | D:4      | Reached skill level 6 in Maces & Flails
  2733 | D:4      | Reached XP level 7. HP: 52/61 MP: 6/6
  2743 | D:4      | Reached skill level 1 in Shields
  2848 | D:4      | Noticed Sigmund
  2891 | D:4      | Killed Sigmund
  2935 | D:4      | Identified the +7 mace of Awkwardness {antimagic, Fragile
                  | rF++}
  2938 | D:4      | Identified the +8 mace of Upheaval {freeze, MR+ Int+3}
  2942 | D:4      | Found a runed translucent door.
  2950 | D:4      | Reached **** piety under Trog
  2960 | D:4      | Noticed Crazy Yiuf
  2961 | D:4      | Found the +10 morningstar "Eos" {elec, Halo rElec}
  3011 | D:4      | Killed Crazy Yiuf
  3230 | D:4      | Noticed Edmund
  3238 | D:4      | Killed Edmund
  3238 | D:4      | Reached skill level 7 in Maces & Flails
  3335 | D:5      | Entered Level 5 of the Dungeon
  3350 | D:5      | Reached XP level 8. HP: 69/69 MP: 7/7
  3402 | D:5      | Found an ornate altar of the Wu Jian Council.
  3404 | D:5      | Reached skill level 5 in Throwing
  3540 | D:5      | Received a gift from Trog
  3756 | D:5      | Reached skill level 5 in Armour
  3947 | D:5      | Reached skill level 8 in Maces & Flails
  4260 | D:6      | Found a snail-covered altar of Cheibriados.
  4343 | D:6      | Found a staircase to the Ecumenical Temple.
  4380 | D:6      | Noticed Eustachio
  4382 | D:6      | Killed Eustachio
  4382 | D:6      | Reached skill level 9 in Maces & Flails
  4394 | D:6      | Noticed Grinder
  4406 | D:6      | Paralysed by Grinder for 7 turns
  4414 | D:6      | Killed Grinder
  4429 | D:6      | Found a glowing drain.
  4450 | D:6      | Received a gift from Trog
  4466 | Sewer    | Entered a sewer
  4527 | Sewer    | Reached XP level 9. HP: 75/75 MP: 8/8
  4622 | Sewer    | Received a gift from Trog
  4728 | Sewer    | Reached skill level 10 in Maces & Flails
  4731 | Sewer    | Reached ***** piety under Trog
  4734 | Sewer    | Received a gift from Trog
  5768 | D:7      | Found Laehiuni's General Store.
  5780 | D:7      | Bought a potion of brilliance for 48 gold pieces
  5780 | D:7      | Bought a potion of heal wounds for 60 gold pieces
  5780 | D:7      | Bought a ration for 60 gold pieces
  5780 | D:7      | Bought a potion of might for 48 gold pieces
  5780 | D:7      | Bought a ration for 60 gold pieces
  5782 | D:7      | Bought a potion of curing for 36 gold pieces
  5842 | D:7      | Reached skill level 11 in Maces & Flails
  6274 | D:8      | Received a gift from Trog
  6498 | D:8      | Reached skill level 1 in Stealth
  6499 | D:8      | Found a transporter.
  6505 | D:8      | Found a transporter.
  6516 | D:8      | Reached XP level 10. HP: 55/88 MP: 9/9
  6525 | D:8      | Reached skill level 12 in Maces & Flails
  7426 | D:8      | Noticed a five-headed hydra
  7429 | D:8      | Noticed an unseen horror
  7436 | D:8      | Noticed a tengu warrior
  7437 | D:8      | Killed a five-headed hydra
  7440 | D:8      | Killed an unseen horror
  7440 | D:8      | Reached skill level 13 in Maces & Flails
  7455 | D:8      | Killed a tengu warrior
  7877 | D:9      | Reached skill level 1 in Evocations
  7955 | D:9      | Noticed Psyche
  7963 | D:9      | Cast into level 2 of the Abyss (Psyche)
  8019 | Abyss:2  | Found a bloodstained altar of Trog.
  8069 | Abyss:2  | Noticed a cacodemon
  8070 | Abyss:2  | Gained mutation: [You are frail. (-10% HP)] [a cacodemon]
  8075 | Abyss:2  | Noticed an orange demon
  8084 | Abyss:2  | Noticed a tentacled starspawn
  8095 | Abyss:2  | Gained mutation: Your spells are a little easier to cast,
                  | but a little less powerful. [a cacodemon]
  8099 | Abyss:2  | Noticed a large abomination
  8106 | Abyss:2  | Gained mutation: [You tend to lose your temper in combat.]
                  | [a neqoxec]
  8181 | Abyss:2  | Noticed a large abomination
  8195 | Abyss:2  | Killed a large abomination
  8195 | Abyss:2  | Reached XP level 11. HP: 55/87 MP: 10/10
  8234 | Abyss:2  | Noticed a starcursed mass
  8241 | Abyss:2  | Noticed a wretched star
  8242 | Abyss:2  | Lost intelligence.
  8247 | Abyss:2  | Noticed a starcursed mass
  8250 | Abyss:2  | Killed from afar by a starcursed mass

Skill      XL: |  1  2  3  4  5  6  7  8  9 10 |
---------------+-------------------------------+-----
Fighting       | 4 5 6 7 9 |  9.1
Maces & Flails | 4 5 6 7 9 11 13 | 13.6
Throwing       | 2 3 4 5 6 |  6.1
Dodging        | 3 |  3.2
Armour         | 3 4 6 7 9 |  9.0
Shields        | 1 2 3 4 |  4.1
Stealth        | 1 |  1.0
Evocations     | 1 |  1.2

Action                   |  1- 3 |  4- 6 |  7- 9 | 10-12 || total
-------------------------+-------+-------+-------+-------++-------
Melee: Mace              |    51 |   169 |    41 |       ||   261
       Headbutt          |     5 |    21 |    24 |    10 ||    60
       Morningstar       |       |       |   208 |    97 ||   305
Throw: Tomahawk          |    20 |    47 |    34 |     7 ||   108
Invok: Berserk           |       |     1 |       |     1 ||     2
       Trog's Hand       |       |       |     1 |     2 ||     3
       Brothers in Arms  |       |       |       |     1 ||     1
Evoke: Wand              |       |       |       |     7 ||     7
  Use: Scroll            |       |     7 |     7 |     6 ||    20
       Potion            |       |       |     1 |     1 ||     2
  Eat: Chunk             |       |     6 |     7 |       ||    13
       Ration            |       |       |     2 |     2 ||     4
Armor: Plate armour      |    31 |   122 |   109 |    70 ||   332
       Animal skin       |     1 |       |       |       ||     1
Dodge: Dodged            |    24 |    68 |   103 |    37 ||   232
Block: Buckler           |       |    17 |    26 |       ||    43
       Shield            |       |       |    16 |    62 ||    78
